 Dungeon Crawl Stone Soup version 0.27-a0-46-g34d46f0a3f (webtiles) character file.

Game seed: 6981436245307125167

95842 wakim the Unseen (level 15, -4/79 HPs)
             Began as a Spriggan Enchanter on Jan 6, 2021.
             Was the Champion of Dithmenos.
             Slain by a catoblepas (10 damage)
             ... while petrified by a catoblepas
             ... in a Gauntlet.
             The game lasted 02:29:10 (27628 turns).

wakim the Unseen (Spriggan Enchanter)              Turns: 27628, Time: 02:29:10

Health: -4/79      AC:  6    Str:  7    XL:     15   Next: 67%
Magic:  0/28       EV:  4    Int: 21    God:    Dithmenos [******]
Gold:   1533       SH:  0    Dex: 22    Spells: 15/30 levels left

rFire    + . .     SeeInvis +   a - +2 dagger (venom)
rCold    + . .     Faith    .   N - +2 buckler of Hedge Wizardry {Rampage Will++ Regen+}
rNeg     + + +     Spirit   +   R - +2 robe of the Moon {rF+ rC- Str+3 Int+3}
rPois    ∞         Reflect  .   (helmet restricted)
rElec    .         Harm     .   C - +1 cloak
rCorr    +         Rampage  +   (gloves unavailable)
Will     ++++.     NoTele   +   (boots unavailable) Stlth ***+++++++
                                d - amulet of guardian spirit
HPRegen  0.63/turn              T - ring of protection from cold
MPRegen  0.21/turn              z - ring of resist corrosion

@: petrified, held, wreathed by umbra, very quick
A: very small, unfitting armour, see invisible, cold resistance 1, speed 3,
mutation resistance 1
a: Renounce Religion, Shadow Step, Shadow Form


You were in a Gauntlet.
You worshipped Dithmenos.
Dithmenos was exalted by your worship.
You visited 3 branches of the dungeon, and saw 19 of its levels.
You also visited: Gauntlet.

You collected 1571 gold pieces.
You spent 38 gold pieces at shops.

Inventory:

Hand Weapons
 a - a +2 dagger of venom (weapon)
 b - a +3 short sword
 G - a +0 short sword of speed
 H - a +0 rapier of freezing
Missiles
 h - 81 poisoned darts
 t - 8 silver boomerangs
Armour
 g - +0 swamp dragon scales
 C - a +1 cloak (worn)
 N - the +2 buckler of Hedge Wizardry (worn) {Rampage Will++ Regen+}
   (You acquired it on level 3 of the Lair of Beasts)

   It affects your willpower, your defense against some magical effects.
   It increases your rate of regeneration.
   It bestows one free step when moving towards enemies.
 R - the +2 robe of the Moon (worn) {rF+ rC- Str+3 Int+3}
   (You found it on level 4 of the Lair of Beasts)

   It affects your strength (+3).
   It affects your intelligence (+3).
   It protects you from fire.
   It makes you vulnerable to cold.
 V - a +0 robe of positive energy
Jewellery
 d - an amulet of guardian spirit (around neck)
 j - a +6 ring of strength
 n - a +4 ring of protection
 v - a +4 ring of evasion
 z - a ring of resist corrosion (right hand)
 A - a +4 ring of evasion
 O - an uncursed amulet of the acrobat
 S - an uncursed ring of flight
 T - a ring of protection from cold (left hand)
Wands
 q - a wand of acid (18)
 F - a wand of enslavement (20)
 I - a wand of iceblast (25)
 K - a wand of paralysis (11)
 U - a wand of digging (1)
Scrolls
 e - 6 scrolls of identify
 k - 8 scrolls of remove curse
 p - 2 scrolls of blinking
 s - a scroll of fog
 w - 7 scrolls of teleportation
 x - a scroll of holy word
 y - 6 scrolls of enchant armour
 E - 4 scrolls of fear
 M - 4 scrolls of amnesia
Potions
 f - a potion of flight
 i - a potion of berserk rage
 l - 3 potions of haste
 m - 4 potions of curing
 o - a potion of mutation
 r - 4 potions of resistance
 u - 4 potions of might
 B - 6 potions of heal wounds
 D - 5 potions of brilliance
 J - a potion of invisibility
 P - 2 potions of ambrosia
Miscellaneous
 c - a phantom mirror


   Skills:
 + Level 9.3 Fighting
 * Level 10.7 Short Blades
 - Level 8.0 Dodging
 + Level 18.1 Stealth
 - Level 7.2 Shields
 - Level 8.0 Spellcasting
 - Level 4.0 Conjurations
 + Level 12.2 Hexes
 - Level 6.0 Ice Magic
 - Level 5.0 Air Magic
 - Level 5.0 Poison Magic
 + Level 2.3 Evocations


You had 15 spell levels left.
You knew the following spells:

 Your Spells              Type           Power        Failure   Level
a - Corona                Hex            62%          1%          1
b - Ensorcelled Hibernat  Hex/Ice        92%          1%          2
c - Confusing Touch       Hex            56%          1%          3
d - Tukima's Dance        Hex            56%          1%          3
e - Mephitic Cloud        Conj/Pois/Air  27%          3%          3
f - Dazzling Flash        Conj/Hex       84%          1%          3

Your spell library contained the following spells:

 Spells                   Type           Power        Failure   Level
 Magic Dart               Conj           100%         1%          1
 Slow                     Hex            56%          1%          2
 Summon Guardian Golem    Hex/Summ       34%          1%          3
 Searing Ray              Conj           50%          2%          2
 Fulminant Prism          Conj/Hex       21%          2%          4
 Summon Small Mammal      Summ           32%          8%          1
 Conjure Flame            Conj/Fire      16%          11%         3
 Blink                    Tloc           N/A          12%         2
 Call Imp                 Summ           8%           12%         2
 Summon Ice Beast         Ice/Summ       21%          22%         4
 Call Canine Familiar     Summ           8%           24%         3
 Summon Lightning Spire   Summ/Air       18%          28%         4
 Iskenderun's Mystic Bla  Conj/Tloc      16%          34%         4


Dungeon Overview and Level Annotations

Branches:
Dungeon (12/15)            Temple (1/1) D:4            Lair (6/6) D:8
 Shoals (0/4) Lair:4       Spider (0/4) Lair:3        Slime (0/5) Lair:5
    Orc (0/2) D:9         Gauntlet (1/1)

Altars:
Ashenzari
Cheibriados
Dithmenos
Elyvilon
Fedhas
Gozag
Hepliaklqana
Kikubaaqudgha
Makhleb
Nemelex Xobeh
Okawaru
Qazlal
Ru
Sif Muna
Trog
Uskayaw
Vehumet
Wu Jian
Xom
Yredelemnul
Zin
The Shining One
Beogh

Shops:
D:9 [

Annotations:
Lair:1 exclusion: 2 oklob plants Gauntlet 13 transporters, 4 runed translucent doors


Innate Abilities, Weirdness & Mutations

You are very small and have problems with some larger weapons.
You are too small for most types of armour.
You have supernaturally acute eyesight. (SInv)
You cover ground extremely quickly.
Your flesh is cold resistant. (rC+)
You are somewhat resistant to further mutation.


Message History

You are engulfed in calcifying dust.
The catoblepas breathes a plume of calcifying dust at you.
The blast of calcifying dust hits you! The gargoyle drops a net on you.
A large net falls onto you!
You are engulfed in calcifying dust.
The catoblepas breathes a plume of calcifying dust at you.
The blast of calcifying dust hits you.
You are engulfed in calcifying dust.
The gargoyle drops a net on you. A large net falls onto you!
The catoblepas gores you!!
* * * LOW HITPOINT WARNING * * *
The catoblepas gores you!!
* * * LOW HITPOINT WARNING * * *
The gargoyle drops a net on you. A large net falls onto you!
The catoblepas gores you.
* * * LOW HITPOINT WARNING * * *
The gargoyle drops a net on you. A large net falls onto you!
The catoblepas gores you.
* * * LOW HITPOINT WARNING * * *
The catoblepas gores you!!
You die...

♣.#..#....#.♣.#≈#≈#.♣.#.#.©##.#.♣
..#..#.##.#...≈≈≈≈≈PP.#.##..#z#..
♣.#.B#.##.#..P#≈#≈#...#..##.z.#.♣
..#.Z#©...#...........#...##zz#..
..#############################..
≈....#©.........©.........©#....≈
##...#######################...##
#≈.........#...©.#.#.........≈#
#≈≈..♣...♣.#.##@[#.#.♣.P.♣..≈≈#
####..P.P..##9Y##..#.PPPP..####
#≈..♣PP.##.^9^.##..P♣..≈#
#≈≈.....#..##..##.....≈≈#
####..♣.#.#..##.#.♣..####
#≈...#.#.....#...≈#
#≈≈..#########..≈≈#
####.....©.....#### #≈..∩...∩..≈#


You could see a catoblepas and 2 gargoyles.

Vanquished Creatures
  Snorg (D:12)
  A rakshasa (D:11)
  5 hydras
  A catoblepas (Lair:6)
  An ogre mage (D:10)
  8 death yaks
  7 two-headed ogres
  2 unseen horrors (D:10)
  Pikel (D:8)
  A lindwurm (Lair:6)
  A necromancer (Lair:5)
  20 elephants
  5 black mambas
  A gargoyle (D:12)
  Maggie (D:8)
  28 cane toads
  7 rime drakes
  8 komodo dragons
  Grinder (D:6)
  2 hornets
  5 polar bears
  A troll (D:9)
  4 tyrant leeches (Lair:6)
  24 blink frogs
  2 slime creatures (Lair:5)
  2 wraiths (D:11)
  5 wyverns
  Grum (D:8)
  55 yaks
  Menkaure (D:4)
  7 vampire mosquitoes
  2 basilisks
  A steam dragon (Lair:2)
  21 water moccasins
  An eye of draining (D:11)
  3 ice beasts
  9 orc warriors
  8 black bears
  7 phantoms
  4 sky beasts
  11 wolves
  7 ogres
  A necrophage (D:8)
  A lemure (D:8)
  5 centaurs
  A big kobold (D:8)
  24 bullfrogs
  2 wyvern zombies (D:11)
  A wyvern skeleton (D:12)
  4 scorpions
  13 killer bees
  4 wights (D:10)
  An electric eel (Lair:6)
  3 bullfrog zombies
  2 bullfrog skeletons
  4 centaur zombies
  6 hounds
  10 orc priests
  Crazy Yiuf (D:4)
  6 jellies
  6 iguanas
  9 orc wizards
  11 hell rats
  A polar bear simulacrum (Lair:5)
  14 worker ants
  4 yak simulacra (Lair:5)
  2 wolf simulacra (Lair:5)
  A killer bee zombie (D:9)
  A hound zombie (D:10)
  2 hound skeletons
  A worker ant zombie (D:6)
  7 adders
  11 gnolls
  3 shadow imps
  2 white imps
  An ufetubus (D:5)
  An ooze (D:4)
  An adder zombie (D:5)
  An adder skeleton (D:8)
  7 worms
  A dart slug (D:2)
  5 leopard geckos
  64 orcs
  3 ball pythons
  7 bats
  10 giant cockroaches
  6 goblins
  7 hobgoblins
  12 jackals
  9 kobolds
  5 quokkas
  4 frilled lizards
  A giant cockroach zombie (D:6)
  A leopard gecko skeleton (D:4)
  2 quokka skeletons
  6 rats
601 creatures vanquished.

Vanquished Creatures (collateral kills)
  3 two-headed ogres
  An ogre (D:7)
4 creatures vanquished.

Vanquished Creatures (others)
  A dancing weapon (D:10)
  A bush (Lair:1)
  50 fungi
  177 plants
229 creatures vanquished.

Grand Total: 834 creatures vanquished

Notes
Turn   | Place    | Note
-------+----------+-------------------------------------------
     0 | D:1      | wakim the Spriggan Enchanter began the quest for the Orb.
     0 | D:1      | Reached XP level 1. HP: 9/9 MP: 5/5
   230 | D:1      | Reached XP level 2. HP: 11/13 MP: 3/6
   241 | D:1      | Reached skill level 5 in Stealth
   262 | D:1      | Learned a level 2 spell: Ensorcelled Hibernation
   907 | D:2      | Reached XP level 3. HP: 16/16 MP: 5/8
  1235 | D:2      | Found a radiant altar of Vehumet.
  1391 | D:2      | Reached skill level 6 in Stealth
  1976 | D:2      | Reached XP level 4. HP: 21/21 MP: 2/9
  2755 | D:3      | Reached skill level 7 in Stealth
  2808 | D:3      | Reached XP level 5. HP: 24/24 MP: 8/10
  4137 | D:3      | Found a basalt altar of Yredelemnul.
  4144 | D:3      | Found an ornate altar of the Wu Jian Council.
  4151 | D:3      | Found a hazy altar of Hepliaklqana.
  4218 | D:4      | Found a staircase to the Ecumenical Temple.
  4228 | Temple   | Entered the Ecumenical Temple
  4329 | D:4      | Reached skill level 8 in Stealth
  4329 | D:4      | Reached XP level 6. HP: 28/28 MP: 6/11
  4487 | D:4      | Learned a level 3 spell: Confusing Touch
  4510 | D:4      | Reached skill level 5 in Short Blades
  4650 | D:4      | Reached skill level 5 in Hexes
  4893 | D:4      | Reached XP level 7. HP: 32/32 MP: 14/14
  4934 | D:4      | Noticed Menkaure
  5058 | D:4      | Found a runed translucent door.
  5059 | D:4      | Noticed Crazy Yiuf
  5065 | D:4      | Killed Crazy Yiuf
  5378 | D:3      | Upgraded the game from 0.27-a0-40-g5f2be0e231 to
                  | 0.27-a0-46-g34d46f0a3f
  5411 | D:5      | Entered Level 5 of the Dungeon
  5587 | D:5      | Learned a level 3 spell: Tukima's Dance
  6178 | D:5      | Reached skill level 1 in Fighting
  6335 | D:5      | Reached skill level 1 in Ice Magic
  6638 | D:6      | Found a broken altar of Ashenzari.
  6683 | D:6      | Reached XP level 8. HP: 37/37 MP: 15/15
  7007 | D:6      | Found a burning altar of Makhleb.
  7012 | D:6      | Found a glowing silver altar of Zin.
  7012 | D:6      | Noticed an angel
  7013 | D:6      | Noticed a green death
  7062 | D:6      | Found a bloodstained altar of Trog.
  7072 | D:6      | Reached skill level 5 in Dodging
  7246 | D:6      | Found a blossoming altar of Fedhas.
  7306 | D:6      | Noticed Grinder
  7318 | D:6      | Killed Grinder
  7667 | D:4      | Killed Menkaure
  8103 | D:7      | Reached XP level 9. HP: 44/44 MP: 13/16
  8845 | D:7      | Reached skill level 5 in Fighting
  8941 | D:7      | Reached skill level 9 in Stealth
  9419 | D:8      | Noticed Maggie
  9506 | D:8      | Reached skill level 10 in Stealth
  9513 | D:8      | Killed Maggie
  9683 | D:8      | Found a staircase to the Lair.
  9704 | D:8      | Reached skill level 11 in Stealth
  9704 | D:8      | Reached XP level 10. HP: 51/51 MP: 14/17
  9926 | D:8      | Found a shadowy altar of Dithmenos.
  9938 | D:8      | Became a worshipper of Dithmenos the Shadowed
 10207 | D:8      | Reached skill level 12 in Stealth
 10261 | D:8      | Noticed Grum
 10279 | D:8      | Killed Grum
 10461 | D:8      | Noticed Pikel
 10472 | D:8      | Killed Pikel
 10654 | D:8      | Reached skill level 13 in Stealth
 10860 | D:9      | Found a hide-covered altar of Uskayaw.
 10914 | D:9      | Found a staircase to the Orcish Mines.
 10950 | D:9      | Reached * piety under Dithmenos
 11019 | D:9      | Noticed a two-headed ogre
 11047 | D:9      | Killed a two-headed ogre
 11048 | D:9      | Reached skill level 5 in Spellcasting
 11191 | D:9      | Found Ofutom's Antique Armour Shoppe.
 11293 | D:9      | Noticed a two-headed ogre
 11332 | D:9      | Killed a two-headed ogre
 11333 | D:9      | Reached skill level 14 in Stealth
 11476 | D:9      | Noticed a two-headed ogre
 11831 | D:9      | Reached XP level 11. HP: 55/55 MP: 17/20
 11910 | D:9      | Killed a two-headed ogre
 12113 | D:9      | Found a roughly hewn altar of Beogh.
 12292 | D:9      | Noticed a two-headed ogre
 12305 | D:9      | Killed a two-headed ogre
 12369 | D:9      | Found a burning altar of Makhleb.
 12369 | D:9      | Noticed a cacodemon
 12431 | D:10     | Entered Level 10 of the Dungeon
 12474 | D:10     | Learned a level 3 spell: Mephitic Cloud
 12609 | D:10     | Reached ** piety under Dithmenos
 12686 | D:10     | Reached skill level 1 in Poison Magic
 12698 | D:10     | Noticed a two-headed ogre
 12698 | D:10     | Noticed a two-headed ogre
 12699 | D:10     | Noticed an ogre mage
 12699 | D:10     | Noticed a two-headed ogre
 12702 | D:10     | Reached skill level 1 in Air Magic
 12702 | D:10     | Noticed a two-headed ogre
 12731 | D:10     | Killed a two-headed ogre
 12732 | D:10     | Reached skill level 1 in Conjurations
 12754 | D:10     | Killed a two-headed ogre
 12761 | D:10     | Killed a two-headed ogre
 13124 | D:10     | Noticed an unseen horror
 13192 | D:10     | Noticed an unseen horror
 13198 | D:10     | Killed an unseen horror
 13390 | D:9      | Killed a two-headed ogre
 13531 | D:10     | Killed an ogre mage
 13876 | D:10     | Killed an unseen horror
 13877 | D:10     | Reached XP level 12. HP: 37/60 MP: 8/23
 14228 | D:11     | Reached *** piety under Dithmenos
 14253 | D:11     | Noticed a rakshasa
 15308 | D:11     | Noticed a two-headed ogre
 15315 | D:11     | Killed a two-headed ogre
 15316 | D:11     | Reached skill level 15 in Stealth
 15908 | D:11     | Noticed a two-headed ogre
 15930 | D:11     | Killed a two-headed ogre
 16009 | Lair:1   | Entered Level 1 of the Lair of Beasts
 16087 | D:9      | Bought a robe for 19 gold pieces
 16087 | D:9      | Bought a robe for 19 gold pieces
 16322 | Lair:1   | Noticed an eight-headed hydra
 16373 | Lair:1   | Killed an eight-headed hydra
 16663 | Lair:1   | Reached skill level 5 in Poison Magic
 17498 | Lair:2   | Reached skill level 5 in Air Magic
 17730 | Lair:2   | Reached skill level 10 in Hexes
 18594 | Lair:3   | Reached XP level 13. HP: 66/66 MP: 26/26
 18598 | Lair:3   | Reached **** piety under Dithmenos
 18767 | Lair:3   | Reached skill level 10 in Short Blades
 18859 | Lair:3   | Reached skill level 16 in Stealth
 19542 | Lair:3   | Found a hole to the Spider Nest.
 20072 | Lair:3   | Identified a scroll of acquirement
 20072 | Lair:3   | Acquired the +2 buckler of Hedge Wizardry {Rampage Will++
                  | Regen+}
 20207 | Lair:4   | Found a staircase to the Shoals.
 20252 | Lair:4   | Reached skill level 1 in Shields
 20488 | Lair:4   | Reached ***** piety under Dithmenos
 20826 | Lair:4   | Got a twisted robe
 21051 | Lair:4   | Identified the +2 robe of the Moon {rF+ rC- Str+3 Int+3}
                  | (You found it on level 4 of the Lair of Beasts)
 21828 | Lair:5   | Found a staircase to the Slime Pits.
 21856 | Lair:4   | Reached skill level 17 in Stealth
 21856 | Lair:4   | Reached skill level 5 in Ice Magic
 21856 | Lair:4   | Reached XP level 14. HP: 73/73 MP: 27/27
 21865 | Lair:4   | Gained mutation: You are somewhat resistant to further
                  | mutation. [potion of mutation]
 21865 | Lair:4   | Gained mutation: Your flesh is cold resistant. (rC+)
                  | [potion of mutation]
 22748 | Lair:6   | Entered Level 6 of the Lair of Beasts
 22772 | Lair:6   | Reached XP level 15. HP: 77/77 MP: 28/28
 22877 | Lair:6   | Reached skill level 5 in Shields
 23326 | Lair:6   | Reached ****** piety under Dithmenos
 23842 | Lair:6   | Reached skill level 18 in Stealth
 24336 | Lair:5   | Learned a level 3 spell: Dazzling Flash
 25828 | Lair:6   | Reached skill level 1 in Evocations
 26119 | Lair:6   | Got a polished shortbow
 26449 | Lair:6   | Identified the cursed +1 shortbow of a Billion Tusks
                  | {flame, rF+ Dex+6 Stlth-} (You found it on level 6 of the
                  | Lair of Beasts)
 27073 | D:12     | Noticed Snorg
 27075 | D:12     | Killed Snorg
 27199 | D:12     | Found a gate leading to a gauntlet.
 27227 | Gauntlet | Entered a Gauntlet
 27227 | Gauntlet | Found a transporter.
 27350 | Gauntlet | Found a transporter.
 27352 | Gauntlet | Found a transporter.
 27359 | Gauntlet | Found a runed translucent gate.
 27359 | Gauntlet | Found a runed translucent gate.
 27359 | Gauntlet | Found a runed translucent gate.
 27361 | Gauntlet | Found a transporter.
 27363 | Gauntlet | Found a transporter.
 27372 | Gauntlet | Found a transporter.
 27386 | Gauntlet | Found a transporter.
 27390 | Gauntlet | Found a runed translucent door.
 27397 | Gauntlet | Found a transporter.
 27407 | Gauntlet | Found a transporter.
 27422 | Gauntlet | Found a transporter.
 27436 | Gauntlet | Found a transporter.
 27436 | Gauntlet | Found a transporter.
 27484 | Gauntlet | Found a transporter.
 27501 | Gauntlet | Found a transporter.
 27628 | Gauntlet | Slain by a catoblepas

Illustrated notes

Levels and vault maps discovered:
D:1:      lemuel_arrival_room, layout_basic
D:2:      layout_loops_ring, nicolae_overflow_hidden_temple, serial_bayou,
          serial_bayou_pond_b, serial_bayou_pond_e, serial_bayou_shore_b,
          serial_bayou_crossing, serial_bayou_pond_b
D:3:      layout_basic, grunt_temple_overflow_diamond
D:4:      layout_rooms, minmay_temple_entry_water_ring,
          minmay_misc_feat_enclosed, minmay_quantized, uniq_crazy_yiuf_cottage,
          uniq_menkaure
D:5:      layout_basic, minmay_misc_feat_doors
D:6:      layout_basic, grunt_temple_overflow_order_and_chaos_2,
          nicolae_overflow_crystal_walls, cheibrodos_ashenzari_chains,
          trog_butcher_becter, uniq_grinder
D:7:      layout_rooms, minivault_1
D:8:      layout_rooms, lemuel_coloured_pillars_altar, david_lair_generic,
          uniq_grum, uniq_maggie, uniq_pikel
D:9:      layout_rooms, marbit_many_paths, minmay_orc_entry_temple_small,
          serial_shops, nicolae_shop_trees, nicolae_sextant,
          makhleb_altar_promises_db
D:10:     layout_roguey
D:11:     layout_gridville, minmay_shattered_shrine
D:12:     layout_roguey, gauntlet_entry_generic, special_room
          [special_room_orc], uniq_snorg
Temple:   nicolae_temple_hex_pool
Lair:1:   layout_loops_ring, beast_lair_carwin_1, minmay_lair_oklob_chamber
Lair:2:   layout_gridlike, grunt_megastairs_1
Lair:3:   layout_small_grid, nicolae_spider_entry_non_spiders
Lair:4:   layout_gridlike, elwin_shoals_entry_rocks, grunt_forest_stairs_basic,
          beast_lair_carwin_3
Lair:5:   layout_roguey, minmay_slime_entry_pillars, eino_house_with_fridge,
          grunt_megastairs_2
Lair:6:   minmay_lair_end_frog_pond, layout_gridlike, minmay_stone_trees_small,
          chequers_serial_rivers_micro_b
Gauntlet: minmay_gauntlet_77_tree [minmay_gauntlet_arena_77_squiggly,
          minmay_gauntlet_arena_77_two_lines,
          minmay_gauntlet_arena_77_run_for_it,
          minmay_gauntlet_arena_77_hold_the_fort,
          minmay_gauntlet_arena_77_p_blocks, minmay_gauntlet_arena_77_path,
          minmay_gauntlet_arena_77_checkered,
          nicolae_gauntlet_exit_dead_adventurers]

Skill      XL: |  1  2  3  4  5  6  7  8  9 10 11 12 13 14 15 |
---------------+----------------------------------------------+-----
Stealth        | 5 6 7 8 11 14 15 17 18 | 18.1
Short Blades   | 2 3 4 5 6 8 9 10 | 10.7
Spellcasting   | 4 5 7 8 |  8.0
Hexes          | 5 7 8 9 10 12 | 12.2
Fighting       | 1 3 5 6 8 9 |  9.3
Ice Magic      | 1 3 4 5 6 |  6.0
Dodging        | 4 6 8 |  8.0
Poison Magic   | 3 5 |  5.0
Air Magic      | 3 5 |  5.0
Conjurations   | 2 4 |  4.0
Shields        | 4 7 |  7.2
Evocations     | 2 |  2.3

Action                   |  1- 3 |  4- 6 |  7- 9 | 10-12 | 13-15 || total
-------------------------+-------+-------+-------+-------+-------++-------
Melee: Dagger            |    78 |    63 |   191 |   379 |   445 ||  1156
       Short sword       |       |    12 |    17 |       |   126 ||   155
       Rapier            |       |       |    57 |    18 |       ||    75
 Cast: Corona            |     7 |       |       |       |       ||     7
       Ensorcelled Hiber |    32 |    59 |    98 |   198 |   278 ||   665
       Confusing Touch   |       |     2 |    16 |    30 |    42 ||    90
       Tukima's Dance    |       |       |     1 |     8 |       ||     9
       Mephitic Cloud    |       |       |       |     3 |    18 ||    21
       Dazzling Flash    |       |       |       |       |    27 ||    27
Invok: Shadow Step       |       |       |       |     1 |       ||     1
Evoke: Wand              |       |       |       |     1 |       ||     1
  Use: Scroll            |       |       |    15 |       |    10 ||    25
       Potion            |       |       |     2 |     3 |     7 ||    12
 Stab: Sleeping          |    32 |    41 |    81 |   142 |   153 ||   449
       Confused          |       |     3 |    16 |    25 |    45 ||    89
       Distracted        |       |       |       |     1 |     4 ||     5
       Invisible         |       |       |       |       |    19 ||    19
Armor: Robe              |     7 |     2 |    25 |    16 |    17 ||    67
Dodge: Dodged            |    46 |    43 |   145 |   294 |   244 ||   772
Block: Buckler           |       |       |       |       |   131 ||   131

Table legend: (Time is in decaauts)
 A = Elapsed time spent in this place.
 B = Non-inter-level travel time spent in this place.
 C = Inter-level travel time spent in this place.
 D = Time resting spent in this place.
 E = Time spent auto-exploring this place.
 F = Levels seen in this place.
 G = Mean time per level.
                   A        B        C        D        E       F      G
               +--------+--------+--------+--------+--------+-----+--------+
         Total |  21218 |  20064 |   1154 |   3646 |  10011 |  20 | 1060.9 |
       Dungeon |  12756 |  12116 |    640 |   2174 |   5874 |  12 | 1063.0 |
        Temple |     50 |     50 |      0 |      0 |     45 |   1 |   50.0 |
          Lair |   8112 |   7598 |    514 |   1472 |   3859 |   6 | 1352.0 |
      Gauntlet |    298 |    298 |      0 |      0 |    232 |   1 |  298.0 |
               +--------+--------+--------+--------+--------+-----+--------+

Top non-repeatable levels by time:
  Lair:5: 2274 daAuts
  Lair:6: 2196 daAuts
     D:9: 1798 daAuts
     D:2: 1477 daAuts
     D:8: 1347 daAuts
    D:10: 1338 daAuts
  Lair:3: 1190 daAuts
     D:3: 1158 daAuts
     D:4: 1092 daAuts
     D:7: 1008 daAuts
  Lair:1: 999 daAuts
     D:5: 997 daAuts
    D:11: 978 daAuts
     D:6: 780 daAuts
  Lair:2: 779 daAuts
